 Dungeon Crawl Stone Soup version 0.30-a0-451-ge042605de7 (webtiles) character file.

Game seed: 16044046448901766525

84 ryw the Ducker (level 4, 0/49 HPs)
             Began as a Djinni Fire Elementalist on Dec 12, 2022.
             Slain by a ball python (2 damage)
             ... on level 3 of the Dungeon.
             The game lasted 00:04:50 (2006 turns).

ryw the Ducker (Djinni Fire Elementalist)           Turns: 2006, Time: 00:04:50

Health: 0/49       AC: 22    Str:  7    XL:     4   Next: 72%
Gold:   110        EV: -1    Int: 18    God:
                   SH:  0    Dex: 14

rFire   . . .      SeeInvis .    (no weapon)
rCold   . . .      Faith    .    (no shield)
rNeg    . . .      Spirit   .    (body armour currently unavailable)
rPois   ∞          Reflect  .    (helmet currently unavailable)
rElec   .          Harm     .    (cloak currently unavailable)
rCorr   .          Rampage  .    (gloves currently unavailable)
Will    .....      Clarity  +    (boots unavailable)
Stlth   ++........ NoTele   +    g - amulet of the acrobat
HPRegen 0.28/turn                (no ring)
MPRegen 0.00/turn                (no ring)

@: tree-form, constricted
A: stationary, stasis, torment immunity, boosted hp, sickness immunity, (fire
resistance 2), (cold vulnerability 1), float, innate caster, HP casting, extra
vitality 1, (large bone plates 1), clarity
a: no special abilities


You were on level 3 of the Dungeon.
You were a tree.
You visited 1 branch of the dungeon, and saw 3 of its levels.

You collected 110 gold pieces.

Inventory:

Armour
 a - a +0 robe (melded)
 b - a +0 kite shield
 i - a +0 cloak (melded)
Jewellery
 g - an amulet of the acrobat (around neck)
Scrolls
 d - a scroll of teleportation
 k - a scroll of fog
Potions
 e - 2 potions of haste


   Skills:
 + Level 2.1 Fighting
 + Level 3.3 Dodging
 - Level 1.5 Stealth
 + Level 3.0 Spellcasting


You couldn't memorise any spells.
You knew the following spells:

 Your Spells              Type           Power      Damage    Failure   Level
a - Scorch                Fire           26%        2d6       7%          2
b - Foxfire               Conj/Fire      52%        2x1d6     4%          1
c - Kindle Blastsparks    Fire/Tloc/Air  26%        2d12      14%         3
d - Inner Flame           Hex/Fire       13%        N/A       14%         3
e - Flame Wave            Conj/Fire      13%        2d6       43%         4
f - Sandblast             Erth           26%        2d8       4%          1
Your spell library was empty.

Dungeon Overview and Level Annotations

Branches:
Dungeon (3/15)

Altars:


Innate Abilities, Weirdness & Mutations

You are a tree.
Your roots penetrate the ground, keeping you stationary.
You cannot be teleported.
You are immune to unholy pain and torment.
Your maximum health is greatly increased.
Your equipment is partially melded.
You are immune to sickness and miasma.
You are immune to poison.
((Your flesh is very heat resistant. (rF++)))
((You are vulnerable to cold. (rC-)))
You float through the air rather than walking.
You learn spells naturally, not from books.
Your magical power is your life essence.
You have superior vitality. (+4 MHP)
((You are partially covered in large bone plates. (SH +4)))
You possess an exceptional clarity of mind.


Message History

You are confused.
You're too confused to cast spells.
The orc priest is no longer more vulnerable to fire.
You bump into the rock wall.
The orc priest hits you with a +0 hand axe.
The endoplasm hits you but does no damage.
You're too confused to cast spells.
You are too confused!
Unknown command.
Something misses you.
The orc priest mumbles some strange prayers to Beogh against you.
Beogh smites you!
The ball python hisses angrily.
An orc wizard comes into view. It is wielding a +0 dagger.
A magic dart appears from out of thin air!
The magic dart hits you!
* * * LOW HITPOINT WARNING * * *
Unknown command.
It was a potion of lignification.
You turn into a tree.
Your +0 cloak melds into your body.
Your +0 robe melds into your body.
Your roots penetrate the ground.
The endoplasm freezes you.
You are frozen.
* * * LOW HITPOINT WARNING * * *
It was a potion of mutation.
You feel extremely strange.
Large bone plates grow over parts of your arms.
Your large bone plates disappear.
Large bone plates grow over parts of your arms.
Your thoughts seem clearer.
You feel less confused.
The ball python bites you but does no damage.
The ball python grabs you. The ball python constricts you.
The endoplasm hits you but does no damage.
Casting: Scorch (safe; 7% risk of failure)
Confirm with . or Enter, or press ? or * to list all spells.
You don't have enough health to cast this spell.
The air fills with toxic fumes!
As you read the scroll of poison, it crumbles to dust.
The ball python bites you.
You die...

#...#.. #§§... §§ .
#§§... §§§ ..
#§§§.# §§§§
#.§#§§§.# #§§§§
.#§§§§§§# #§§§§§
..§.§§§§###§§§§
..§§§§#§§§§§#
..##§§§§§♣S##
..§§#§#§§#J###
..#...#§§.oo§# ##
#....§§§##§§g#...#.
....§§§§###§o§§....
..§§§§§§# #§§§§§...
.#§#§§§.. #§§§§§§..
# ##§§.. .§§§§§§..
#.!. #........


You could see an orc priest, an orc wizard, an orc, an endoplasm, a hobgoblin
and a ball python.

Vanquished Creatures
  2 adders (D:2)
  3 worms (D:2)
  4 ball pythons
  7 bats
  6 endoplasms
  2 giant cockroaches (D:1)
  4 goblins
  4 hobgoblins
  3 jackals (D:1)
  4 kobolds
  3 quokkas (D:1)
  6 frilled lizards
  6 rats
54 creatures vanquished.

Vanquished Creatures (collateral kills)
  A foxfire (D:2)
1 creature vanquished.

Vanquished Creatures (others)
  73 foxfires
73 creatures vanquished.

Grand Total: 128 creatures vanquished

Notes
Turn   | Place    | Note
-------+----------+-------------------------------------------
     0 | D:1      | ryw the Djinni Fire Elementalist began the quest for the
                  | Orb.
     0 | D:1      | ryw set off with the following spells memorised: Foxfire,
                  | Scorch, Kindle Blastsparks, Inner Flame, Flame Wave.
     0 | D:1      | Reached XP level 1. HP: 15/15 MP: 0/0
   151 | D:1      | Reached XP level 2. HP: 17/22 MP: 0/0
   344 | D:1      | Reached skill level 1 in Fighting
   408 | D:1      | Reached XP level 3. HP: 22/27 MP: 0/0
   408 | D:1      | Learned a level 1 spell: Sandblast
   866 | D:2      | Reached XP level 4. HP: 23/33 MP: 0/0
  2004 | D:3      | HP: 2/49 [frozen (3)]
  2005 | D:3      | Gained mutation: You are partially covered in large bone
                  | plates. (SH +4) [potion of mutation]
  2005 | D:3      | Lost mutation: You are partially covered in large bone
                  | plates. (SH +4) [potion of mutation]
  2005 | D:3      | Gained mutation: You are partially covered in large bone
                  | plates. (SH +4) [potion of mutation]
  2005 | D:3      | Gained mutation: You possess an exceptional clarity of
                  | mind. [potion of mutation]
  2006 | D:3      | Slain by a ball python

Illustrated notes

Levels and vault maps discovered:
D:1:      heliophobic_arrival_glass_houses, layout_basic, minmay_small_reverse_x
D:2:      cheibrodos_old_hovel, layout_basic, minmay_misc_feat_more_columns,
          minmay_fractal_squares_gapless_5
D:3:      layout_rooms, minmay_misc_feat_nine_boxes, minivault_27,
          uniq_crazy_yiuf_cottage

Skill      XL: |  1  2  3  4 |
---------------+-------------+-----
Fighting       | 1 2 |  2.1
Dodging        | 3 |  3.3
Spellcasting   | 3 |  3.0
Stealth        | |  1.5

Action                   |  1- 3 |  4- 6 || total
-------------------------+-------+-------++-------
Melee: Unarmed           |     9 |     2 ||    11
 Cast: Foxfire           |    38 |     9 ||    47
       Scorch            |    20 |    35 ||    55
  Use: Scroll            |     5 |     5 ||    10
       Potion            |       |     2 ||     2
Armor: Robe              |    12 |     5 ||    17
       Skin              |       |     2 ||     2
Dodge: Dodged            |    24 |    15 ||    39

Table legend: (Time is in decaauts)
 A = Elapsed time spent in this place.
 B = Non-inter-level travel time spent in this place.
 C = Inter-level travel time spent in this place.
 D = Time resting spent in this place.
 E = Time spent auto-exploring this place.
 F = Levels seen in this place.
 G = Mean time per level.
                   A        B        C        D        E       F      G
               +--------+--------+--------+--------+--------+-----+--------+
         Total |   2005 |   1971 |     34 |     91 |   1524 |   3 |  668.3 |
       Dungeon |   2005 |   1971 |     34 |     91 |   1524 |   3 |  668.3 |
               +--------+--------+--------+--------+--------+-----+--------+

Top non-repeatable levels by time:
     D:2: 1182 daAuts
     D:1: 804 daAuts
     D:3: 18 daAuts
